 Dungeon Crawl Stone Soup version 0.28-a0-80-g9707f7362f (webtiles) character file.

Game seed: 7342503267270911283

865 mcsnuffy the Conjurer (level 7, -4/40 HPs)
             Began as a Deep Elf Conjurer on Aug 5, 2021.
             Killed from afar by Dowan (29 damage)
             ... with a shard of ice
             ... on level 4 of the Dungeon.
             The game lasted 00:20:59 (5106 turns).

mcsnuffy the Conjurer (Deep Elf Conjurer)           Turns: 5106, Time: 00:20:59

Health: -4/40      AC:  2    Str:  5    XL:     7   Next: 72%
Magic:  14/18      EV: 14    Int: 24    God:
Gold:   135        SH:  0    Dex: 13    Spells: 11/18 levels left

rFire   . . .      SeeInvis .   g - +0 spear (venom)
rCold   . . .      Faith    .   (no shield)
rNeg    . . .      Spirit   .   a - +0 robe
rPois   .          Reflect  .   (no helmet)
rElec   .          Harm     .   (no cloak)
rCorr   .          Rampage  .   (no gloves)
Will    .....                   (no boots)
Stlth   ++........              (no amulet)
HPRegen 0.13/turn               (no ring)
MPRegen 0.16/turn               (no ring)

@: no status effects
A: no striking features
a: no special abilities


You were on level 4 of the Dungeon.
You visited 1 branch of the dungeon, and saw 4 of its levels.

You collected 135 gold pieces.


   Skills:
 - Level 2.0 Fighting
 - Level 6.0 Dodging
 - Level 4.0 Stealth
 - Level 6.0 Spellcasting
 - Level 7.0 Conjurations
 + Level 1.5 Hexes


You had 11 spell levels left.
You knew the following spells:

 Your Spells              Type           Power      Damage    Failure   Level
f - Fulminant Prism       Conj/Hex       13%        3d9       14%         4
m - Magic Dart            Conj           100%       1d8       1%          1
s - Searing Ray           Conj           80%        3d6       1%          2

Your spell library contained the following spells:

 Spells                   Type           Power      Damage    Failure   Level
 Dazzling Flash           Conj/Hex       54%        N/A       4%          3
 Apportation              Tloc           14%        N/A       8%          1
 Mephitic Cloud           Conj/Pois/Air  18%        N/A       10%         3
 Call Imp                 Summ           7%         N/A       12%         2
 Iskenderun's Mystic Bla  Conj/Tloc      24%        2d7       19%         4
 Alistair's Intoxication  Tmut/Pois      4%         N/A       91%         5
 Invisibility             Hex            7%         N/A       100%        6

Inventory:

Hand Weapons
 g - a +0 spear of venom (weapon)
 h - a +0 dagger of venom
Missiles
 m - 4 throwing nets {=f}
 n - 10 poisoned darts
Armour
 a - a +0 robe (worn)
Magical Staves
 t - a staff of fire {!a}
Wands
 q - a wand of polymorph (8)
Scrolls
 c - a scroll of enchant weapon {unknown}
 i - a scroll of noise {unknown}
 k - a scroll of brand weapon
 o - a scroll of holy word {unknown}
 p - 2 scrolls of teleportation {unknown}
 s - a scroll of silence {unknown}
 u - a scroll of blinking {unknown}
Potions
 b - a potion of haste {@q3}
 d - a potion of degeneration {unknown}
 e - a potion of mutation {unknown}
 f - a potion of lignification {unknown}
 j - a potion of invisibility {unknown}
 l - a potion of curing {unknown}
 r - a potion of berserk rage {unknown}

Dungeon Overview and Level Annotations

Branches:
Dungeon (4/15)
 Temple: D:4-7

Altars:
Gozag
Makhleb
Okawaru
Sif Muna
Zin

Annotations:
D:4 Dowan

..##......####..#.......# #.# #.#
..........####..#.......###'###.#
.............#..#.............#.#
.............#..#.............'..
..............................#.#
..#....................####'#####
..#....................# #......
.......................# #######
.##.............@.e.)..#####....
.............#.....#..........#
.............#.#...#..........#
.............#.#..##..........#
...#.#'#.....#.##'##........▒▒#
...#.#.#.....#...............▒
.......#.....#..............♣▒▒
.......#.....#..........e...♣.▒
.............#...(...........♣


You could see Dowan (fast).


Message History

Training target 6.0 for Spellcasting reached!
Your Spellcasting skill increases to level 6!
You need to enable at least one skill for training.
Your Hexes skill increases to level 1!
Things that are here:
a +0 long sword; a +0 chain mail Dowan is nearby!
The magic dart hits Dowan!
Dowan is moderately wounded.
Dowan shouts!
Dowan seems to find hidden reserves of power!
Dowan zaps a wand.
The puff of flame hits you!
Dowan zaps a wand.
The puff of flame misses you.
Dowan zaps a wand.
The puff of flame misses you.
Casting: Magic Dart (safe; 1% risk of failure)
Confirm with . or Enter, or press ? or * to list all spells.
Aiming: Searing Ray (safe; 1% risk of failure)
Press: ? - help, Shift-Dir - straight line, f/p - Dowan
Aim: Dowan, wielding a +0 dagger, wearing a +0 robe and carrying a wand of flame (21) (moderately wounded, fast, 75% to hit)
The searing ray hits Dowan!
Dowan is heavily wounded. (Press . to maintain the ray.) Dowan zaps a wand.
The puff of flame hits you!
The searing ray misses Dowan.
The searing ray hits Dowan!
Dowan is almost dead.
Dowan gestures at you while chanting. The shard of ice hits you!!
Ouch! That really hurt!
You die...

Skill      XL: |  1  2  3  4  5  6  7 |
---------------+----------------------+-----
Conjurations   | 5 6 7 |  7.0
Stealth        | 3 4 |  4.0
Fighting       | 2 |  2.0
Dodging        | 3 4 6 |  6.0
Spellcasting   | 5 6 |  6.0
Hexes          | 1 |  1.5

Action                   |  1- 3 |  4- 6 |  7- 9 || total
-------------------------+-------+-------+-------++-------
Melee: Spear             |       |     1 |       ||     1
Throw: Dart              |       |     9 |       ||     9
 Cast: Magic Dart        |    69 |   120 |    17 ||   206
       Searing Ray       |       |     7 |     6 ||    13
  Use: Potion            |       |     1 |       ||     1
       Scroll            |       |     1 |       ||     1
 Stab: Distracted        |       |     1 |       ||     1
Armor: Robe              |     1 |     6 |       ||     7
Dodge: Dodged            |     2 |    20 |    11 ||    33

Levels and vault maps discovered:
D:1:      heliophobic_arrival_battle_scene, layout_loops_ring,
          hellmonk_ecumenical_altar_crossroads, dk_noncrumbling_3
D:2:      layout_basic, minmay_pentomino_p2
D:3:      layout_basic, minitemple
D:4:      layout_basic, zin_academy, minmay_bent, uniq_duvessa, uniq_sigmund

Notes
Turn   | Place    | Note
-------+----------+-------------------------------------------
     0 | D:1      | mcsnuffy the Deep Elf Conjurer began the quest for the Orb.
     0 | D:1      | Reached XP level 1. HP: 10/10 MP: 6/6
   217 | D:1      | Reached XP level 2. HP: 15/15 MP: 6/8
   259 | D:1      | Reached skill level 5 in Conjurations
   456 | D:1      | Found a faded altar of an unknown god.
   574 | D:1      | Reached XP level 3. HP: 19/19 MP: 0/9
  1234 | D:2      | Reached skill level 6 in Conjurations
  1344 | D:2      | Reached skill level 3 in Stealth
  1344 | D:2      | Reached XP level 4. HP: 20/24 MP: 6/10
  1364 | D:2      | Learned a level 2 spell: Searing Ray
  1401 | D:2      | Reached skill level 1 in Fighting
  2314 | D:3      | Reached skill level 2 in Fighting
  2373 | D:3      | Reached skill level 3 in Dodging
  2373 | D:3      | Reached XP level 5. HP: 20/30 MP: 1/11
  2816 | D:3      | Reached skill level 4 in Dodging
  2987 | D:3      | Found a burning altar of Makhleb.
  2992 | D:3      | Found a shimmering blue altar of Sif Muna.
  2997 | D:3      | Found an iron altar of Okawaru.
  2998 | D:3      | Found an opulent altar of Gozag.
  3639 | D:4      | Noticed Sigmund
  3658 | D:4      | Killed Sigmund
  3659 | D:4      | Reached skill level 5 in Spellcasting
  3659 | D:4      | Reached XP level 6. HP: 27/35 MP: 6/15
  3660 | D:4      | Noticed Duvessa
  3671 | D:4      | Noticed Dowan
  3994 | D:4      | Found a glowing silver altar of Zin.
  4087 | D:4      | Reached skill level 7 in Conjurations
  4185 | D:4      | Reached skill level 4 in Stealth
  4185 | D:4      | Reached XP level 7. HP: 40/40 MP: 6/16
  4278 | D:4      | Reached skill level 5 in Dodging
  4300 | D:4      | Reached skill level 6 in Dodging
  4954 | D:4      | Learned a level 4 spell: Fulminant Prism
  5052 | D:4      | Killed Duvessa
  5053 | D:4      | Reached skill level 6 in Spellcasting
  5053 | D:4      | Reached skill level 1 in Hexes
  5106 | D:4      | Killed from afar by Dowan

Vanquished Creatures
  Sigmund (D:4)
  Duvessa (D:4)
  3 necrophages (D:4)
  2 jellies (D:4)
  An orc priest (D:3)
  A hound zombie (D:3)
  4 gnolls (D:2)
  A howler monkey skeleton (D:4)
  5 adders
  A white imp (D:3)
  3 worms (D:4)
  2 dart slugs
  4 orcs (D:3)
  6 endoplasms
  8 giant cockroaches
  9 goblins
  15 hobgoblins
  4 jackals
  A quokka (D:1)
  4 ball pythons
  5 bats
  5 frilled lizards
  5 kobolds
  6 rats
97 creatures vanquished.

Table legend: (Time is in decaauts)
 A = Elapsed time spent in this place.
 B = Non-inter-level travel time spent in this place.
 C = Inter-level travel time spent in this place.
 D = Time resting spent in this place.
 E = Time spent auto-exploring this place.
 F = Levels seen in this place.
 G = Mean time per level.
                   A        B        C        D        E       F      G
               +--------+--------+--------+--------+--------+-----+--------+
         Total |   5089 |   4936 |    153 |   1022 |   3129 |   4 | 1272.2 |
       Dungeon |   5089 |   4936 |    153 |   1022 |   3129 |   4 | 1272.2 |
               +--------+--------+--------+--------+--------+-----+--------+

Top non-repeatable levels by time:
     D:3: 1728 daAuts
     D:1: 1168 daAuts
     D:4: 1106 daAuts
     D:2: 1086 daAuts

Table legend:
 A = Non-vault XP
 B = Vault XP
 C = Vault XP percentage of total XP
 D = Non-vault monster count
 E = Vault monster count
 F = Vault count percentage of total count
                 A         B        C        D         E       F
            +---------+---------+-------+---------+---------+-------
      Total |     582 |     655 |  53.0 |      86 |      11 |  11.3
            +---------+---------+-------+---------+---------+-------
        D:1 |      52 |       0 |   0.0 |      30 |       0 |   0.0
        D:2 |      96 |       4 |   4.0 |      20 |       2 |   9.1
        D:3 |     147 |       0 |   0.0 |      23 |       0 |   0.0
        D:4 |     287 |     651 |  69.4 |      13 |       9 |  40.9
            +---------+---------+-------+---------+---------+-------
